 Dungeon Crawl Stone Soup version 0.16.2-12-gd0ad4c3 (webtiles) character file.

7106 Seneschal the Covert (level 10, -1/44 HPs)
             Began as a Spriggan Enchanter on Sept 23, 2015.
             Was a Follower of Dithmenos.
             Shot with an arrow by a centaur warrior (11 damage)
             ... on level 10 of the Dungeon.
             The game lasted 00:55:10 (8388 turns).

Seneschal the Covert (Spriggan Enchanter)           Turns: 8388, Time: 00:55:10

Health: -1/44      AC:  3    Str:  4    XL:     10   Next: 84%
Magic:  1/31       EV: 19    Int: 19    God:    Dithmenos [*.....]
Gold:   606        SH:  7    Dex: 18    Spells: 4 memorised, 17 levels left

rFire  . . .     SeeInvis +     e - +2 short sword (speed)
rCold  . . .     Clarity  .     N - troll hide
rNeg   . . .     SustAb   .     s - +0 buckler
rPois  .         Gourm    .     z - +1 hat
rElec  .         Spirit   .     (no cloak)
rCorr  .         Warding  .     (gloves unavailable)
rMut   .         Stasis   .     (boots unavailable)
MR     ++...                    j - amulet of faith
Stlth  +++++++++.               A - ring of stealth
                                D - ring of protection from magic

@: very slightly contaminated, wreathed by umbra, very quick, very resistant to
hostile enchantments, incredibly stealthy
A: unfitting armour, see invisible, herbivore 3, speed 3, slow metabolism 2
a: Renounce Religion


You were on level 10 of the Dungeon.
You worshipped Dithmenos.
Dithmenos was aware of your devotion.
You were hungry.

You visited 2 branches of the dungeon, and saw 11 of its levels.

You collected 606 gold pieces.

Inventory:

Hand weapons
 a - a +2 dagger
 e - a +2 short sword of speed (weapon)
 v - a cursed +0 short sword
 H - a cursed -2 short sword
 K - a +1 short sword
 L - a cursed +2 short sword
 M - a +1 dagger
Armour
 b - a +1 robe
 g - a cursed +0 robe
 n - a +0 robe
 r - the +3 leather armour of a sewer {Str+2}
   (You found it on level 6 of the Dungeon)

   It affects your strength (+2).
 s - a +0 buckler (worn)
 z - a +1 hat (worn)
 N - a troll hide (worn)
Jewellery
 j - an amulet of faith (around neck)
 l - an uncursed ring of protection from cold
 y - a cursed ring of ice {unknown}
 A - a ring of stealth (right hand)
 D - a ring of protection from magic (left hand)
Magical devices
 m - a wand of frost (41)
Scrolls
 h - 3 scrolls of magic mapping
 i - 3 scrolls of remove curse
 k - 2 scrolls of teleportation
 x - a scroll of recharging
Potions
 f - a potion of agility {unknown}
 p - 2 potions of lignification {unknown}
 q - 4 potions of restore abilities {unknown}
 t - a potion of invisibility {unknown}
 u - 3 potions of curing
 B - a potion of resistance {unknown}
 C - a potion of cancellation
 E - 2 potions of poison {unknown}
 F - 2 potions of magic {unknown}
 G - 2 potions of degeneration {unknown}
 I - a potion of ambrosia {unknown}
 O - a potion of brilliance
 P - a potion of might
Books
 c - a book of Maledictions

   Spells                             Type                      Level
   a - Corona                         Hexes                        1
   b - Sure Blade                     Hexes/Charms                 2
   c - Ensorcelled Hibernation        Hexes/Ice                    2
   d - Confuse                        Hexes                        3
   e - Dazzling Spray                 Conjuration/Hexes            3
   f - Enslavement                    Hexes                        4
 w - a book of Geomancy

   Spells                             Type                      Level
   a - Sandblast                      Earth                        1
   b - Stoneskin                      Transmutation/Earth          2
   c - Passwall                       Transmutation/Earth          3
   d - Stone Arrow                    Conjuration/Earth            3
   e - Petrify                        Transmutation/Earth          4
   f - Lee's Rapid Deconstruction     Earth                        5
 R - a book of Summonings

   Spells                             Type                      Level
   a - Abjuration                     Summoning                    3
   b - Recall                         Summoning/Translocation      3
   c - Shadow Creatures               Summoning                    5
   d - Summon Demon                   Summoning                    5
   e - Summon Forest                  Summoning/Translocation      5
   f - Monstrous Menagerie            Summoning                    6
 S - a book of the Earth

   Spells                             Type                      Level
   a - Leda's Liquefaction            Hexes/Earth                  4
   b - Bolt of Magma                  Conjuration/Fire/Earth       5
   c - Statue Form                    Transmutation/Earth          6
   d - Iron Shot                      Conjuration/Earth            6
   e - Shatter                        Earth                        9
Comestibles
 d - 11 bread rations
 o - 3 fruits
 Q - a royal jelly


   Skills:
 + Level 3.5 Short Blades
 + Level 5.4 Dodging
 + Level 13.5 Stealth
 * Level 4.8 Shields
 + Level 9.4 Spellcasting
 * Level 11.4 Hexes
 - Level 0.2 Ice Magic


You had 17 spell levels left.
You knew the following spells:

 Your Spells              Type           Power        Failure   Level  Hunger
a - Corona                Hex            ######.      1%          1    None
b - Ensorcelled Hibernat  Hex/Ice        ####..       2%          2    None
c - Confuse               Hex            ######..     1%          3    None
d - Enslavement           Hex            ######..     1%          4    ###....


Dungeon Overview and Level Annotations

Branches:
Dungeon (10/15)            Temple (1/1) D:5            Lair (0/8) D:9
    Orc: D:9-12

Altars:
Ashenzari
Cheibriados
Dithmenos
Elyvilon
Fedhas
Gozag
Kikubaaqudgha
Makhleb
Nemelex Xobeh
Okawaru
Qazlal
Ru
Sif Muna
Trog
Vehumet
Xom
Yredelemnul
Zin
The Shining One

Shops:
D:4 (


Innate Abilities, Weirdness & Mutations

You are tiny and cannot use many weapons and most armour.
You have supernaturally acute eyesight.
You are a herbivore.
You cover ground extremely quickly.
You need consume almost no food.


Message History

Aim: a centaur warrior, wielding a shortbow (chance 42%)
The centaur warrior looks drowsy...
A gargoyle comes into view. It is wielding an enchanted flail.
The helpless centaur warrior fails to defend itself.
You skewer the centaur warrior like a kebab!!!
The centaur warrior is almost dead.
The centaur warrior unwields an uncursed shortbow.
The centaur warrior closely misses you.
You hit the centaur warrior.
The centaur warrior is almost dead.
The centaur warrior hits you.
You barely miss the centaur warrior.
The centaur warrior is almost dead.
You block the centaur warrior's attack.
The centaur warrior wields an uncursed shortbow.
The centaur warrior shoots an arrow.
The arrow hits you!
* * * LOW HITPOINT WARNING * * *
You see here an arrow.
The centaur warrior shoots an arrow.
The arrow hits you!
You die...

#†......#
..#######.......#
...........######
...........#
.#######..# #..#
#..# #..#
#.@######
#.......#
#.(.....#
#..###### . #c.#
. #..# . #..# ♣.
#..# Y.
....####(.#


You could see a centaur warrior.

Vanquished Creatures
  Gastronok (D:8)
  Prince Ribbit (D:7)
  A troll (D:10)
  A hippogriff (D:7)
  2 hungry ghosts (D:9)
  Edmund (D:4)
  Menkaure (D:4)
  4 orc warriors
  A water moccasin (D:6)
  3 porcupines (D:10)
  Purgy (D:4)
  4 ogres
  2 ice beasts
  2 sky beasts
  A centaur (D:9)
  Duvessa (D:8)
  3 big kobolds
  2 giant frogs
  6 scorpions
  A wyvern skeleton (D:8)
  5 wights (D:9)
  2 jellies
  3 goliath beetles
  6 crimson imps
  A giant frog zombie (D:4)
  2 centaur zombies
  Dowan (D:8)
  6 hounds
  11 worker ants
  3 centaur skeletons
  5 orc priests
  3 giant frog skeletons
  6 orc wizards
  6 iguanas
  A sheep (D:10)
  Ijyb (D:3)
  Jessica (D:2)
  2 hound skeletons
  A mummy (D:8)
  2 worker ant zombies
  7 adders
  7 gnolls
  A river rat (D:10)
  2 shadow imps (D:5)
  3 worms
  A giant mite (D:7)
  3 adder zombies
  4 giant geckos
  An ooze (D:5)
  15 orcs
  2 ball pythons
  13 bats
  A bat skeleton (D:4)
  A bat zombie (D:5)
  2 giant cockroaches
  7 hobgoblins
  35 kobolds
  4 quokkas
  A giant gecko skeleton (D:8)
  2 giant newts (D:3)
  A giant spore (D:10)
  14 goblins
  3 jackals (D:3)
  14 rats
  2 ballistomycetes (D:10)
  A plant (D:9)
254 creatures vanquished.

Vanquished Creatures (others)
  A worker ant (D:5)
  An adder (D:5)
  A worm (D:5)
  An orc (D:5)
  A quokka (D:5)
  A bat (D:5)
  A kobold (D:5)
  A rat (D:5)
  A fungus (D:10)
  A plant (D:4)
10 creatures vanquished.

Grand Total: 264 creatures vanquished

Notes
Turn   | Place    | Note
--------------------------------------------------------------
     0 | D:1      | Seneschal, the Spriggan Enchanter, began the quest for the Orb.
     0 | D:1      | Reached XP level 1. HP: 9/9 MP: 4/4
   340 | D:1      | Reached XP level 2. HP: 11/13 MP: 7/7
   344 | D:1      | Learned a level 2 spell: Ensorcelled Hibernation
   433 | D:1      | Reached skill level 5 in Stealth
   854 | D:2      | Reached XP level 3. HP: 16/16 MP: 1/11
   931 | D:2      | Noticed Jessica
   936 | D:2      | Killed Jessica
   937 | D:2      | Found a sparkling altar of Nemelex Xobeh.
  1263 | D:3      | Reached XP level 4. HP: 21/21 MP: 5/15
  1479 | D:3      | Learned a level 3 spell: Confuse
  1635 | D:3      | Reached skill level 6 in Stealth
  1720 | D:3      | Noticed Ijyb
  1743 | D:3      | Killed Ijyb
  1795 | D:4      | Noticed Edmund
  1796 | D:4      | Noticed an ogre
  1828 | D:4      | Killed an ogre
  1828 | D:4      | Reached XP level 5. HP: 8/24 MP: 7/18
  1913 | D:4      | Reached skill level 5 in Hexes
  1952 | D:4      | Found a deep blue altar of Sif Muna.
  1965 | D:4      | Found Kaamycap's Weapon Boutique.
  2023 | D:4      | Killed Edmund
  2023 | D:4      | Reached skill level 7 in Stealth
  2023 | D:4      | Reached skill level 1 in Shields
  2023 | D:4      | Reached XP level 6. HP: 22/28 MP: 4/20
  2354 | D:4      | Noticed Menkaure
  2487 | D:4      | Killed Menkaure
  2487 | D:4      | Reached skill level 5 in Spellcasting
  2487 | D:4      | Reached XP level 7. HP: 32/32 MP: 12/22
  2607 | D:4      | Noticed Purgy
  2776 | D:4      | Noticed a big kobold
  2873 | D:4      | Killed a big kobold
  2873 | D:4      | Reached skill level 8 in Stealth
  3097 | D:4      | Killed Purgy
  3279 | D:5      | Entered Level 5 of the Dungeon
  3361 | D:5      | Reached XP level 8. HP: 33/36 MP: 7/24
  3392 | D:5      | Found a blossoming altar of Fedhas.
  3392 | D:5      | Found an ancient bone altar of Kikubaaqudgha.
  3404 | D:5      | Reached skill level 9 in Stealth
  3568 | D:5      | Found a shimmering altar of Xom.
  3899 | D:5      | Found a staircase to the Ecumenical Temple.
  4148 | Temple   | Entered the Ecumenical Temple
  4394 | D:6      | Got a faintly humming leather armour
  4498 | D:6      | Reached skill level 10 in Stealth
  4544 | D:6      | Identified the +3 leather armour of a sewer {Str+2} (You found it on level 6 of the Dungeon)
  4972 | D:7      | Noticed Prince Ribbit
  5085 | D:7      | Killed Prince Ribbit
  5085 | D:7      | Reached XP level 9. HP: 6/39 MP: 14/27
  5333 | D:7      | Reached skill level 11 in Stealth
  5596 | D:7      | Found a snail-covered altar of Cheibriados.
  6282 | D:8      | Noticed Dowan
  6283 | D:8      | Noticed Duvessa
  6305 | D:8      | Killed Dowan
  6322 | D:8      | Killed Duvessa
  6489 | D:8      | Noticed Gastronok
  6523 | D:8      | Killed Gastronok
  6523 | D:8      | Reached skill level 5 in Dodging
  6523 | D:8      | Reached skill level 12 in Stealth
  6523 | D:8      | Reached skill level 10 in Hexes
  6523 | D:8      | Reached XP level 10. HP: 29/44 MP: 13/29
  6896 | D:9      | Found a staircase to the Lair.
  7428 | D:9      | Found a shadowy altar of Dithmenos.
  7428 | D:9      | Found an iron altar of Okawaru.
  7429 | D:9      | Found a radiant altar of Vehumet.
  7437 | D:9      | Became a worshipper of Dithmenos the Shadowed
  7834 | D:10     | Entered Level 10 of the Dungeon
  7839 | D:10     | Reached skill level 13 in Stealth
  7907 | D:10     | Found a glowing golden altar of the Shining One.
  7937 | D:10     | Noticed a centaur warrior
  8338 | D:10     | Learned a level 4 spell: Enslavement
  8388 | D:10     | Shot with an arrow by a centaur warrior

Action                   |  1- 3 |  4- 6 |  7- 9 | 10-12 || total
-------------------------+-------+-------+-------+-------++-------
Melee: Dagger            |    49 |    92 |    42 |       ||   183
       Short sword       |       |       |   211 |   247 ||   458
 Cast: Ensorcelled Hiber |    21 |    35 |   113 |    49 ||   218
       Confuse           |       |    10 |    42 |    31 ||    83
Evoke: Wand              |       |       |     1 |       ||     1
  Use: Scroll            |     2 |     3 |    11 |     3 ||    19
       Potion            |       |     5 |     2 |     1 ||     8
 Stab: Sleeping          |    20 |    23 |    86 |    38 ||   167
       Confused          |       |     6 |    27 |    18 ||    51
       Distracted        |       |       |       |     1 ||     1
  Eat: Bread ration      |       |     1 |       |       ||     1
       Fruit             |       |       |     1 |     2 ||     3
